 Dungeon Crawl Stone Soup version 0.28.0 (webtiles) character file.

Game seed: 1384448096662056952

1 Kold the Vexing (level 1, 11/11 HPs)
             Began as a Deep Elf Arcane Marksman on Feb 10, 2022.
             Quit the game on level 1 of the Dungeon.
             The game lasted 00:00:24 (35 turns).

Kold the Vexing (Deep Elf Arcane Marksman)            Turns: 35, Time: 00:00:25

Health: 11/11      AC:  2    Str:  7    XL:     1   Next: 16%
Magic:  4/5        EV: 12    Int: 17    God:
Gold:   5          SH:  0    Dex: 15    Spells: 2/3 levels left

rFire   . . .      SeeInvis .   a - +0 shortbow
rCold   . . .      Faith    .   (shield currently unavailable)
rNeg    . . .      Spirit   .   d - +0 robe
rPois   .          Reflect  .   (no helmet)
rElec   .          Harm     .   (no cloak)
rCorr   .          Rampage  .   (no gloves)
Will    .....                   (no boots)
Stlth   +.........              (no amulet)
HPRegen 0.03/turn               (no ring)
MPRegen 0.09/turn               (no ring)

@: no status effects
A: no striking features
a: no special abilities


You were on level 1 of the Dungeon.
You visited 1 branch of the dungeon, and saw 1 of its levels.

You collected 5 gold pieces.

Inventory:

Hand Weapons
 a - a +0 shortbow (weapon)
Missiles
 c - 14 arrows (quivered ammo)
Armour
 d - a +0 robe (worn)


   Skills:
 - Level 0.7 Fighting
 + Level 2.7 Bows
 - Level 2.4 Dodging
 + Level 1.6 Spellcasting
 + Level 4.0 Hexes


You had 2 spell levels left.
You knew the following spells:

 Your Spells              Type           Power      Damage    Failure   Level
a - Slow                  Hex            60%        N/A       3%          1

Your spell library contained the following spells:

 Spells                   Type           Power      Damage    Failure   Level
 Inner Flame              Hex/Fire       8%         N/A       26%         3
 Portal Projectile        Hex/Tloc       16%        N/A       26%         3
 Cause Fear               Hex            7%         N/A       36%         4


Dungeon Overview and Level Annotations

Branches:
Dungeon (1/15)

Altars:


Message History

There is a large open door here.
There is a large open door here.
You now have 5 gold pieces.
You open the large door.
There is a large open door here.
There is a large open door here.
As you open the large door, it creaks loudly!
Found an iron ring.
An endoplasm comes into view.
A hobgoblin comes into view.
There is a large open door here.
There are monsters nearby!
You shoot an arrow.
The arrow hits the endoplasm but does no damage.
You shoot an arrow. The arrow barely misses the endoplasm.
You shoot an arrow.
The arrow hits the endoplasm but does no damage.
Fire: 17 arrows
Press: ? - help, Q - select action, (/) - cycle Shift-Dir - straight line, f/p - endoplasm
Aim: an endoplasm (86% to hit)
You shoot an arrow. The arrow hits the endoplasm.
The endoplasm is severely wounded.
The endoplasm hits you.
Casting: Slow (safe; 4% risk of failure)
Confirm with . or Enter, or press ? or * to list all spells.
Aiming: Slow (safe; 4% risk of failure)
Press: ? - help, Shift-Dir - straight line, f/p - endoplasm
Aim: an endoplasm (severely wounded, chance to affect: 71%)
The endoplasm struggles to resist.
The endoplasm misses you.
Unknown command.
Fire: 16 arrows
Press: ? - help, Q - select action, (/) - cycle Shift-Dir - straight line, f/p - endoplasm
Aim: an endoplasm (severely wounded, 86% to hit)
You shoot an arrow. The arrow hits the endoplasm.
You kill the endoplasm!
Fire: 15 arrows
Press: ? - help, Q - select action, (/) - cycle Shift-Dir - straight line, f - hobgoblin
Aim: a hobgoblin (59% to hit)
You shoot an arrow. The arrow barely misses the hobgoblin.
The hobgoblin closely misses you.
Are you sure you want to abandon this character and quit the game? (Confirm with "yes".)

## # #. .# #. (#
##.##(# ..(..
≈.≈ # #g# # #≈
#@# ≈#
##8##.##8##
+.........+
###8#'#8###
#♣##'##♣#
♣≈.....≈♣ #+#
#♣.......♣##.#
#.........#8.###
#...≈♣≈...##.#≈#


You could see a hobgoblin.

Vanquished Creatures
  An endoplasm (D:1)
1 creature vanquished.

Notes
Turn   | Place    | Note
-------+----------+-------------------------------------------
     0 | D:1      | Kold the Deep Elf Arcane Marksman began the quest for the
                  | Orb.
     0 | D:1      | Reached XP level 1. HP: 11/11 MP: 5/5
    35 | D:1      | Quit the game

Illustrated notes

Levels and vault maps discovered:
D:1:      saegor_arrival_fortress, layout_loops_cross,
          ebering_ecumenical_altar_rust, serial_shops, nicolae_shop_waterfront

Action                   || total
-------------------------++-------
 Fire: Shortbow          ||     6
 Cast: Slow              ||     1
Dodge: Dodged            ||     2
